 Dungeon Crawl Stone Soup version 0.19.5 (webtiles) character file.

55918 Akie the Severer (level 14, -3/122 HPs)
             Began as a Minotaur Berserker on Apr 7, 2017.
             Was a High Priest of Trog.
             Slain by a wolf spider (9 damage)
             ... on level 2 of the Spider Nest on Apr 8, 2017.
             The game lasted 01:56:31 (22383 turns).

Akie the Severer (Minotaur Berserker)              Turns: 22383, Time: 01:56:31

Health: -3/122     AC: 19    Str: 29    XL:     14   Next: 40%
Magic:  13/13      EV: 15    Int:  4    God:    Trog [*****.]
Gold:   610        SH:  0    Dex: 16    Spells: 0 memorised, 13 levels left

rFire  . . .     SeeInvis .     X - +4 great mace (holy)
rCold  . . .     Gourm    .     b - +6 scale mail of Salvation {rN+ Dex+5}
rNeg   + . .     Faith    +     (shield currently unavailable)
rPois  .         Spirit   .     (helmet restricted)
rElec  .         Reflect  .     Z - +0 cloak
rCorr  .         Harm     .     F - +0 pair of gloves
MR     +++..                    (no boots)
Stlth  +.........               g - amulet of faith
                                q - +2 ring of protection
                                u - +3 ring of strength

@: exhausted, regenerating, slowed, very slow
A: retaliatory headbutt, horns 2
a: Berserk, Trog's Hand, Brothers in Arms, Burn Spellbooks, Renounce Religion


You were on level 2 of the Spider Nest.
You worshipped Trog.
Trog was extremely pleased with you.
You were very hungry.

You visited 3 branches of the dungeon, and saw 17 of its levels.

You collected 819 gold pieces.
You spent 209 gold pieces at shops.

Inventory:

Hand Weapons
 C - a +2 war axe of chopping
 O - a +3 battleaxe of electrocution
 R - a +7 long sword of slicing
 X - a +4 great mace of holy wrath (weapon)
Armour
 b - the +6 scale mail of Salvation (worn) {rN+ Dex+5}
   (You found it on level 6 of the Dungeon)

   It affects your dexterity (+5).
   It protects you from negative energy.
 F - a +0 pair of gloves (worn)
 Z - a +0 cloak (worn)
Jewellery
 g - an amulet of faith (around neck)
 q - a +2 ring of protection (right hand)
 u - a +3 ring of strength (left hand)
 A - an uncursed ring of stealth
 J - an uncursed ring of stealth
 S - an uncursed ring of ice
Wands
 a - a wand of disintegration (19/24)
 h - a wand of acid (6/15)
 x - a wand of enslavement (22/24)
 D - a wand of polymorph (18/24)
 M - a wand of random effects (12/48)
 Y - a wand of lightning (5/15)
Scrolls
 i - 2 scrolls of teleportation {unknown}
 j - 7 scrolls of remove curse
 k - 3 scrolls of identify
 l - 2 scrolls of immolation
 n - 5 scrolls of recharging
 o - 3 scrolls of blinking
 v - 3 scrolls of noise
 w - 3 scrolls of fear {unknown}
 y - 2 scrolls of magic mapping
 B - 2 scrolls of enchant weapon
 I - 2 scrolls of fog {unknown}
 P - a scroll of amnesia {unknown}
 Q - a scroll of random uselessness {unknown}
 U - a scroll of brand weapon {unknown}
 W - a scroll of silence {unknown}
Potions
 d - a potion of magic
 e - 3 potions of haste
 m - a potion of cancellation {unknown}
 p - a potion of brilliance
 r - a potion of agility
 s - 2 potions of curing
 t - 2 potions of mutation
 z - a potion of cure mutation {unknown}
 E - a potion of beneficial mutation
 G - a potion of flight
 L - 2 potions of might {unknown}
 N - a potion of heal wounds {unknown}
 V - a potion of lignification {unknown}
Comestibles
 c - 3 bread rations
 f - 10 meat rations
 K - 18 fruits
 T - a beef jerky


   Skills:
 - Level 10.4 Fighting
 - Level 20.6(21.6) Axes
 + Level 12.7(18.0) Maces & Flails
 - Level 10.0 Armour
 - Level 6.8 Dodging
 - Level 3.7 Stealth
   Level 1.6 Shields


You had 13 spell levels left.
You didn't know any spells.

Dungeon Overview and Level Annotations

Branches:
Dungeon (11/15)            Temple (0/1) D:7            Lair (4/6) D:11
 Shoals (0/4) Lair:2       Spider (2/4) Lair:4          Orc (0/2) D:11

Altars:
Cheibriados
Dithmenos
Elyvilon
Fedhas
Kikubaaqudgha
Makhleb
Nemelex Xobeh
Okawaru
Qazlal
Vehumet
Xom
Yredelemnul

Shops:
D:5 :   D:6 :   D:8 (   D:10 [


Innate Abilities, Weirdness & Mutations

You reflexively headbutt those who attack you in melee.
You have a pair of horns on your head.


Message History

You flatten the tarantella like a pancake!!!
You kill the tarantella!
Trog accepts your kill. The wolf spider barely misses you.
The wolf spider bites you!
* * * LOW HITPOINT WARNING * * *
You are poisoned.
The wolf spider poisons you!
The wolf spider hits you but does no damage.
The wolf spider bites you.
* * * LOW HITPOINT WARNING * * *
You feel better. The wolf spider hits you!
* * * LOW HITPOINT WARNING * * *
The wolf spider bites you but does no damage.
The wolf spider hits you but does no damage.
The wolf spider misses you.
You sock the wolf spider!
The wolf spider is severely wounded.
The wolf spider hits you but does no damage.
The wolf spider bites you!
You die...

...# #.....##.#
....##......#..
.
...#..........
#.....
#...........#
.. #.#
#...........# #
#.# #.........#
#.#
##.........#
#.#
#...s%†....#
#.#
#....@###.##
#.### ##..####
# ##...###..##
####.###..#.##
....## ###.##
##.## #.# ...#
### ....
###...# ...
..... .......##
...


You could see a wolf spider.

Vanquished Creatures
  An emperor scorpion (Spider:2)
  Snorg (D:10)
  4 hydras
  The ghost of letownia the Warrior, a novice MiHu of Gozag (D:8)
  Nergalle (Lair:3)
  Pikel (D:9)
  6 orb spiders
  A hill giant (D:11)
  An ugly thing (D:11)
  A manticore (Lair:2)
  7 wolf spiders
  A cyclops (D:11)
  9 elephants
  A moth of wrath (Spider:2)
  Joseph (D:10)
  3 black mambas
  A gargoyle (D:10)
  A torpor snail (Lair:4)
  8 spiny frogs
  A rime drake (Lair:4)
  3 komodo dragons
  6 demonic crawlers
  13 jumping spiders
  A polar bear (Lair:4)
  Grinder (D:4)
  3 hornets
  12 blink frogs
  9 hippogriffs
  2 shadows (D:11)
  30 yaks
  9 tarantellas
  33 redbacks
  3 hungry ghosts
  3 wargs (D:11)
  Edmund (D:4)
  5 swamp worms (Lair:2)
  5 water moccasins
  12 porcupines
  5 black bears
  4 orc warriors
  2 ice beasts
  4 phantoms
  A slave (D:9)
  8 wolves
  A sky beast (D:8)
  5 ogres
  3 centaurs
  3 crocodiles
  A big kobold (D:11)
  15 bullfrogs
  3 scorpions
  3 howler monkeys (D:7)
  A bullfrog zombie (D:8)
  7 crimson imps
  A centaur zombie (D:6)
  4 quasits
  3 centaur skeletons
  7 hounds
  A jelly (D:11)
  2 bullfrog skeletons
  7 orc priests
  14 orc wizards
  Natasha (thrice) (D:4)
  2 iguanas
  2 hell rats (D:11)
  7 worker ants
  A killer bee zombie (D:10)
  2 hound skeletons
  Robin (D:4)
  4 gnolls (D:6)
  11 adders
  An ooze (D:2)
  An adder skeleton (D:7)
  2 adder zombies
  17 worms
  11 dart slugs
  5 leopard geckos
  40 orcs
  7 giant cockroaches
  10 goblins
  8 hobgoblins
  14 jackals
  7 quokkas
  7 bats
  3 frilled lizards
  9 kobolds
  A leopard gecko skeleton (D:5)
  2 quokka skeletons (D:5)
  10 rats
  5 fungi
  4 plants (Lair:2)
504 creatures vanquished.

Vanquished Creatures (collateral kills)
  An entropy weaver (Spider:1)
  3 hydras
  2 orb spiders (Spider:1)
  An ugly thing (D:11)
  A komodo dragon (Lair:2)
  A jumping spider (Spider:1)
  A blink frog (D:11)
  3 tarantellas (Spider:1)
  5 redbacks (Spider:1)
  2 ogres (D:11)
  3 centaurs (D:11)
  An orc (D:11)
  2 quokkas (D:11)
26 creatures vanquished.

Vanquished Creatures (others)
  3 fungi
  3 plants (Lair:2)
6 creatures vanquished.

Grand Total: 536 creatures vanquished

Notes
Turn   | Place    | Note
-------+----------+-------------------------------------------
     0 | D:1      | Akie the Minotaur Berserker began the quest for the Orb.
     0 | D:1      | Reached XP level 1. HP: 19/19 MP: 0/0
   464 | D:1      | Reached XP level 2. HP: 25/27 MP: 1/1
   798 | D:2      | Found a blossoming altar of Fedhas.
   800 | D:2      | Found an ancient bone altar of Kikubaaqudgha.
  1017 | D:2      | Reached skill level 4 in Axes
  1044 | D:2      | Reached XP level 3. HP: 29/33 MP: 2/2
  1236 | D:2      | Reached ** piety under Trog
  1628 | D:2      | Reached XP level 4. HP: 38/40 MP: 3/3
  1802 | D:2      | Reached skill level 5 in Axes
  2557 | D:3      | Found a radiant altar of Vehumet.
  2681 | D:3      | Found a sparkling altar of Nemelex Xobeh.
  2823 | D:3      | Reached XP level 5. HP: 34/47 MP: 4/4
  3007 | D:4      | Noticed Grinder
  3029 | D:4      | Killed Grinder
  3029 | D:4      | Reached skill level 6 in Axes
  3029 | D:4      | Reached skill level 1 in Stealth
  3029 | D:4      | Reached XP level 6. HP: 38/55 MP: 5/5
  3311 | D:4      | Noticed Robin
  3318 | D:4      | Reached *** piety under Trog
  3320 | D:4      | Killed Robin
  3326 | D:4      | Reached skill level 5 in Fighting
  3539 | D:4      | Reached skill level 7 in Axes
  3686 | D:4      | Noticed Edmund
  3687 | D:4      | Noticed Natasha
  3721 | D:4      | Killed Edmund
  3721 | D:4      | Reached XP level 7. HP: 61/61 MP: 6/6
  3851 | D:4      | Killed Natasha
  3869 | D:4      | Noticed Natasha
  3874 | D:4      | Killed Natasha
  4205 | D:4      | Noticed Natasha
  4211 | D:4      | Killed Natasha
  4318 | D:4      | Found a white marble altar of Elyvilon.
  4325 | D:4      | Found a shimmering altar of Xom.
  4406 | D:5      | Entered Level 5 of the Dungeon
  4412 | D:5      | Reached skill level 8 in Axes
  5036 | D:5      | Found a basalt altar of Yredelemnul.
  5285 | D:5      | Found Lustrem's Book Emporium.
  5335 | D:5      | Reached XP level 8. HP: 70/70 MP: 7/7
  5487 | D:6      | Found a burning altar of Makhleb.
  5496 | D:6      | Reached **** piety under Trog
  5547 | D:6      | Reached skill level 9 in Axes
  5615 | D:6      | Found Laowkaku's Book Shop.
  5974 | D:6      | Got a shimmering scale mail
  6119 | D:6      | Identified the +6 scale mail of Salvation {rN+ Dex+5} (You found it on level 6 of the Dungeon)
  6252 | D:6      | Reached skill level 5 in Armour
  6300 | D:6      | Reached skill level 5 in Dodging
  6580 | D:6      | Reached skill level 10 in Axes
  6684 | D:6      | Found a snail-covered altar of Cheibriados.
  6856 | D:6      | Reached XP level 9. HP: 77/77 MP: 8/8
  6995 | D:7      | Found a staircase to the Ecumenical Temple.
  7188 | D:7      | Got a pearl-encrusted chain mail
  7317 | D:7      | Found a shadowy altar of Dithmenos.
  7317 | D:7      | Found a stormy altar of Qazlal.
  7323 | D:7      | Reached ***** piety under Trog
  7334 | D:7      | Identified the cursed +1 chain mail "Ciopiega" {rPois rC- rCorr} (You found it on level 7 of the Dungeon)
  8085 | D:8      | Reached skill level 11 in Axes
  8152 | D:8      | Noticed letownia's ghost (novice MiHu)
  8170 | D:8      | Killed letownia's ghost
  8170 | D:8      | Reached skill level 12 in Axes
  8170 | D:8      | Reached skill level 1 in Shields
  8478 | D:8      | Reached XP level 10. HP: 75/86 MP: 9/9
  8761 | D:8      | Found Muqenaf's Antique Weapon Boutique.
  8764 | D:8      | Bought a glowing war axe for 209 gold pieces
  9096 | D:9      | Reached skill level 13 in Axes
  9179 | D:9      | Found an iron altar of Okawaru.
  9711 | D:9      | Noticed Pikel
  9727 | D:9      | Killed Pikel
  9727 | D:9      | Reached skill level 14 in Axes
 10053 | D:10     | Entered Level 10 of the Dungeon
 10116 | D:10     | Noticed a gargoyle
 10121 | D:10     | Killed a gargoyle
 10192 | D:10     | Found Weenised's Antique Armour Boutique.
 10215 | D:10     | Reached skill level 15 in Axes
 10504 | D:10     | Noticed Snorg
 10512 | D:10     | Killed Snorg
 10512 | D:10     | Reached skill level 16 in Axes
 10512 | D:10     | Reached XP level 11. HP: 90/92 MP: 10/10
 10686 | D:10     | Noticed Joseph
 10705 | D:10     | Killed Joseph
 11203 | D:11     | Reached ****** piety under Trog
 11263 | D:11     | Noticed a red ugly thing
 11272 | D:11     | Killed a red ugly thing
 11282 | D:11     | Noticed a seven-headed hydra
 11284 | D:11     | Killed a seven-headed hydra
 11545 | D:11     | Noticed a six-headed hydra
 11551 | D:11     | Reached skill level 17 in Axes
 11559 | D:11     | Killed an eight-headed hydra
 11573 | D:11     | Noticed a hill giant
 11854 | D:11     | Killed a hill giant
 12099 | D:11     | Received a gift from Trog
 12144 | D:11     | Found a staircase to the Orcish Mines.
 12217 | D:11     | Found a staircase to the Lair.
 12245 | D:11     | Noticed a red ugly thing
 12253 | D:11     | Killed a red ugly thing
 12351 | D:11     | Reached skill level 18 in Axes
 12810 | Lair:1   | Entered Level 1 of the Lair of Beasts
 13025 | Lair:1   | Reached XP level 12. HP: 100/100 MP: 11/11
 13428 | Lair:2   | Reached skill level 19 in Axes
 13590 | Lair:2   | Found a staircase to the Shoals.
 14123 | Lair:2   | Noticed an eight-headed hydra
 14129 | Lair:2   | Killed a ten-headed hydra
 14655 | Lair:2   | Got a scorched jade ring
 15234 | Lair:3   | Noticed a five-headed hydra
 15242 | Lair:3   | Killed a seven-headed hydra
 15242 | Lair:3   | Reached skill level 20 in Axes
 15316 | Lair:3   | Noticed a five-headed hydra
 15323 | Lair:3   | Killed a six-headed hydra
 15597 | Lair:3   | Reached XP level 13. HP: 81/111 MP: 12/12
 15776 | Lair:3   | Noticed Nergalle
 15785 | Lair:3   | Killed Nergalle
 16584 | Lair:4   | Reached skill level 10 in Fighting
 16947 | Lair:4   | Received a gift from Trog
 16953 | Lair:4   | Reached skill level 10 in Armour
 17048 | Lair:4   | Reached skill level 1 in Maces & Flails
 17329 | Lair:4   | Found a hole to the Spider Nest.
 18306 | Spider:1 | Entered Level 1 of the Spider Nest
 18312 | Spider:1 | Reached skill level 5 in Maces & Flails
 18747 | Spider:1 | Noticed an entropy weaver
 18764 | Spider:1 | Killed an entropy weaver
 19395 | Spider:1 | Received a gift from Trog
 20052 | Spider:1 | Reached XP level 14. HP: 91/122 MP: 13/13
 20416 | Spider:2 | Reached skill level 10 in Maces & Flails
 20884 | Spider:2 | Noticed an emperor scorpion
 20899 | Spider:2 | Killed an emperor scorpion
 22382 | Spider:2 | HP: 4/122 [wolf spider (17)]
 22383 | Spider:2 | Slain by a wolf spider

Skill      XL: |  1  2  3  4  5  6  7  8  9 10 11 12 13 14 |
---------------+-------------------------------------------+-----
Axes           | 4 5 6 7 8 10 12 16 18 20 | 20.6
Fighting       | 4 5 6 7 9 10 | 10.4
Dodging        | 3 4 5 6 |  6.8
Stealth        | 1 2 3 |  3.7
Armour         | 3 6 7 8 10 | 10.0
Shields        | 1 |  1.6
Maces & Flails | 9 12 | 12.7

Action                   |  1- 3 |  4- 6 |  7- 9 | 10-12 | 13-15 || total
-------------------------+-------+-------+-------+-------+-------++-------
Melee: Hand axe          |    62 |   115 |   316 |    22 |       ||   515
       Headbutt          |    14 |    15 |    80 |   110 |    92 ||   311
       War axe           |       |       |       |   211 |       ||   211
       Battleaxe         |       |       |       |   240 |    90 ||   330
       Great mace        |       |       |       |       |   255 ||   255
Invok: Berserk           |       |     3 |     4 |    14 |     8 ||    29
       Burn Spellbooks   |       |       |     1 |     1 |       ||     2
       Brothers in Arms  |       |       |       |     5 |     4 ||     9
       Trog's Hand       |       |       |       |       |     1 ||     1
  Use: Potion            |     1 |       |       |       |    11 ||    12
       Scroll            |       |       |     4 |     8 |     3 ||    15
 Stab: Sleeping          |       |       |     3 |     4 |       ||     7
       Distracted        |       |       |     2 |     1 |       ||     3
  Eat: Chunk             |     1 |     7 |    14 |    30 |    15 ||    67
       Fruit             |       |     2 |       |     1 |       ||     3
       Beef jerky        |       |     1 |       |       |     2 ||     3
       Bread ration      |       |       |     1 |     2 |     2 ||     5
       Royal jelly       |       |       |       |     1 |     1 ||     2
Armor: Animal skin       |    13 |    13 |     1 |       |       ||    27
       Ring mail         |       |       |    26 |       |       ||    26
       Scale mail        |       |       |    64 |   209 |   231 ||   504
Dodge: Dodged            |    40 |    75 |   169 |   245 |   361 ||   890
Block: Large shield      |       |       |     7 |     8 |       ||    15
